 Dungeon Crawl Stone Soup version 0.29-a0-823-gc37b1572da (webtiles) character file.

Game seed: 17052625846608846672

371 Zeld the Chopper (level 6, 0/84 HPs)
             Began as a Minotaur Berserker on July 8, 2022.
             Was a Believer of Trog.
             Slain by a gnoll bouda
             ... wielding a +0 club
              (9 damage)
             ... on level 4 of the Dungeon.
             The game lasted 00:04:51 (3631 turns).

Zeld the Chopper (Minotaur Berserker)               Turns: 3631, Time: 00:04:52

Health: 0/84       AC:  3    Str: 23    XL:     6   Next: 42%
Magic:  5/5        EV: 12    Int: 10    God:    Trog [**....]
Gold:   17         SH:  0    Dex: 10    Spells: 5/5 levels left

rFire   x . .      SeeInvis +   a - +0 hand axe
rCold   . . .      Faith    .   (no shield)
rNeg    . . .      Spirit   .   b - +0 animal skin
rPois   .          Reflect  .   (helmet restricted)
rElec   +          Harm     .   g - +0 cloak
rCorr   +          Rampage  .   (no gloves)
Will    ++...                   (no boots)
Stlth   ..........              (no amulet)
HPRegen 0.24/turn               l - ring of see invisible
MPRegen 0.09/turn               n - ring of Hingu {rElec rF- Will++ rCorr Int+6}

@: berserking, weakened, very quick
A: horns 2, retaliatory headbutt
a: Renounce Religion, Berserk, Trog's Hand


You were on level 4 of the Dungeon.
You worshipped Trog.
Trog was pleased with you.
You visited 1 branch of the dungeon, and saw 4 of its levels.

You collected 196 gold pieces.
You spent 179 gold pieces at shops.

Inventory:

Hand Weapons
 a - a +0 hand axe (weapon)
Missiles
 s - 3 poisoned darts
 y - 6 atropa-tipped darts
Armour
 b - a +0 animal skin (worn)
 g - a +0 cloak (worn)
 z - a +0 pair of boots
 A - a +0 kite shield
Jewellery
 l - a ring of see invisible (left hand)
 n - the ring of Hingu (right hand) {rElec rF- Will++ rCorr Int+6}
   (You found it on level 2 of the Dungeon)

   [ring of intelligence]

   Int:       It affects your intelligence (+6).
   rF:        It makes you vulnerable to fire.
   rElec:     It insulates you from electricity.
   rCorr:     It protects you from acid and corrosion.
   Will:      It greatly increases your willpower.
Wands
 o - a wand of roots (8)
 x - a wand of paralysis (7)
Scrolls
 e - 2 scrolls of poison {unknown}
 h - 3 scrolls of teleportation {unknown}
 i - a scroll of enchant armour {unknown}
 m - 3 scrolls of enchant weapon {unknown}
 p - a scroll of noise {unknown}
 r - a scroll of vulnerability {unknown}
 u - 4 scrolls of identify {unknown}
 v - a scroll of fear {unknown}
Potions
 c - 2 potions of curing {unknown}
 d - a potion of berserk rage {unknown}
 f - 2 potions of might {unknown}
 j - a potion of resistance
 k - a potion of magic {unknown}
 q - a potion of degeneration {unknown}
 t - 2 potions of flight {unknown}
 w - a potion of mutation {unknown}


   Skills:
 + Level 5.0 Fighting
 * Level 6.2 Axes
 + Level 4.2 Armour
 + Level 3.8 Dodging


You had 5 spell levels left.
You didn't know any spells.
Your spell library was empty.

Dungeon Overview and Level Annotations

Branches:
Dungeon (4/15)
 Temple: D:4-7

Altars:
Cheibriados
Hepliaklqana
Ru
Zin

Shops:
D:3 *


Innate Abilities, Weirdness & Mutations

You have a pair of horns on your head.
You reflexively headbutt those who attack you in melee.


Message History

A gnoll comes into view. It is wielding a +0 whip.
You barely miss the gnoll bouda.
The gnoll shouts!
You headbutt the gnoll bouda.
The gnoll bouda is lightly wounded.
You hear the quick rusting of a very distant drain.
The gnoll bouda gazes fiercely through you!
You feel your attacks grow feeble.
The gnoll bouda hits you with a +0 club.
You closely miss the gnoll bouda.
The gnoll bouda is lightly wounded.
The gnoll bouda barks out a call to the hunt!
The gnoll picks up the pace!
You hit the gnoll bouda but do no damage.
The gnoll bouda is lightly wounded.
The gnoll bouda gazes fiercely through you!
You feel as though you will be weak longer.
The gnoll bouda hits you with a +0 club!
A red film seems to cover your vision as you go berserk!
You feel yourself moving faster!
You feel mighty!
The gnoll bouda hits you with a +0 club!
* * * LOW HITPOINT WARNING * * *
You barely miss the gnoll bouda.
The gnoll bouda is lightly wounded.
You hit the gnoll. The gnoll hits you with a +0 whip!
* * * LOW HITPOINT WARNING * * *
The gnoll bouda hits you with a +0 club.
* * * LOW HITPOINT WARNING * * *
You barely miss the gnoll bouda.
The gnoll bouda is lightly wounded.
You slash the gnoll!
Unknown command.
You closely miss the gnoll bouda. You headbutt the gnoll bouda.
The gnoll bouda is moderately wounded.
You hit the gnoll. The gnoll barely misses you. You furiously retaliate!
You headbutt the gnoll!
You kill the gnoll!
Trog accepts your kill.
The gnoll bouda hits you with a +0 club!
You die...

##...##..###.. .###..##
...#
.....###.....###.....# .
#......##............#..
#.......................
..........#.....##..#.#
.............##.......#.
............###.........
......[......###....###.
.............##.@...#
............>..)g..##
....####....(.#..$##
..#..###......##.##
.###.##....#.<.#...
...#.##....#.......
)##................
....#.###.#.)...#.#
##..#######.).###


You could see a gnoll bouda.

Vanquished Creatures
  A black bear (D:4)
  An ogre (D:4)
  Crazy Yiuf (D:3)
  An iguana (D:4)
  4 gnolls (D:4)
  4 adders
  An ufetubus (D:4)
  2 worms (D:3)
  2 dart slugs
  An orc (D:4)
  4 endoplasms
  3 giant cockroaches
  12 goblins
  10 hobgoblins
  4 jackals (D:2)
  2 quokkas
  6 ball pythons
  3 bats (D:3)
  2 frilled lizards
  5 kobolds
  2 rats
71 creatures vanquished.

Notes
Turn   | Place    | Note
-------+----------+-------------------------------------------
     0 | D:1      | Zeld the Minotaur Berserker began the quest for the Orb.
     0 | D:1      | Reached XP level 1. HP: 19/19 MP: 0/0
   230 | D:1      | Reached XP level 2. HP: 27/27 MP: 1/1
   306 | D:1      | Reached skill level 4 in Axes
  1325 | D:2      | Reached XP level 3. HP: 29/33 MP: 2/2
  1412 | D:2      | Identified the ring of Hingu {rElec rF- Will++ rCorr Int+6}
  1568 | D:2      | Reached ** piety under Trog
  1646 | D:2      | Found a hazy altar of Hepliaklqana.
  1934 | D:3      | Found a sacrificial altar of Ru.
  1947 | D:3      | Reached XP level 4. HP: 39/40 MP: 3/3
  2031 | D:3      | Found Weishunn's Assorted Antiques.
  2150 | D:3      | Found a snail-covered altar of Cheibriados.
  2197 | D:3      | Found a runed translucent door.
  2198 | D:3      | Noticed Crazy Yiuf
  2286 | D:3      | Found a glowing silver altar of Zin.
  2331 | D:3      | Bought an amethyst potion for 23 gold pieces
  2331 | D:3      | Bought a scroll labelled XEAGAI VUPHU for 26 gold pieces
  2331 | D:3      | Bought a scroll labelled QONGEM DIOLI for 26 gold pieces
  2601 | D:3      | Bought a crooked wooden wand for 104 gold pieces
  2904 | D:3      | Killed Crazy Yiuf
  2905 | D:3      | Reached skill level 5 in Axes
  3196 | D:4      | Noticed a black bear
  3208 | D:4      | Killed a black bear
  3209 | D:4      | Reached XP level 5. HP: 17/47 MP: 4/4
  3509 | D:4      | Noticed an ogre
  3516 | D:4      | Killed an ogre
  3517 | D:4      | Reached skill level 6 in Axes
  3517 | D:4      | Reached XP level 6. HP: 55/55 MP: 5/5
  3521 | D:4      | Reached skill level 5 in Fighting
  3631 | D:4      | Slain by a gnoll bouda

Illustrated notes

Levels and vault maps discovered:
D:1:      dpeg_arrival_stone_temple_mockup, layout_loops_corners
D:2:      layout_basic, basic_altar
D:3:      layout_basic, kennysheep_slug_shrine, zin_scriptorium,
          mainiacjoe_overflow_brackets, serial_shops, nicolae_shop_waterfront,
          minmay_quantized, uniq_crazy_yiuf_cottage
D:4:      layout_cave_pools, nemelex_spade_bored_becter, portal_sewer_entry_f,
          grunt_ministairs_12, uniq_duvessa

Skill      XL: |  1  2  3  4  5  6 |
---------------+-------------------+-----
Axes           | 4 5 6 |  6.2
Fighting       | 4 5 |  5.0
Armour         | 3 4 |  4.2
Dodging        | 3 |  3.8

Action                   |  1- 3 |  4- 6 || total
-------------------------+-------+-------++-------
Melee: Hand axe          |    79 |    75 ||   154
       Headbutt          |     7 |    12 ||    19
Invok: Berserk           |       |     4 ||     4
Armor: Animal skin       |    15 |    23 ||    38
Dodge: Dodged            |    39 |    40 ||    79

Table legend: (Time is in decaauts)
 A = Elapsed time spent in this place.
 B = Non-inter-level travel time spent in this place.
 C = Inter-level travel time spent in this place.
 D = Time resting spent in this place.
 E = Time spent auto-exploring this place.
 F = Levels seen in this place.
 G = Mean time per level.
                   A        B        C        D        E       F      G
               +--------+--------+--------+--------+--------+-----+--------+
         Total |   3669 |   3496 |    173 |    478 |   2413 |   4 |  917.2 |
       Dungeon |   3669 |   3496 |    173 |    478 |   2413 |   4 |  917.2 |
               +--------+--------+--------+--------+--------+-----+--------+

Top non-repeatable levels by time:
     D:3: 1497 daAuts
     D:1: 1139 daAuts
     D:2: 743 daAuts
     D:4: 288 daAuts
